 Dungeon Crawl Stone Soup version 0.30-a0-585-g93115170b9 (webtiles) character file.

Game seed: 5005354495644294571

37 BlackLaughter the Sneak (level 3, -8/24 HPs)
             Began as a Vampire Enchanter on Jan 2, 2023.
             Killed by nerve-wracking pain
             ... invoked by an orc priest
              (14 damage)
             ... on level 2 of the Dungeon.
             The game lasted 00:31:48 (1155 turns).

BlackLaughter the Sneak (Vampire Enchanter)         Turns: 1155, Time: 00:31:49

Health: -8/24      AC:  7    Str:  7    XL:     3   Next: 23%
Magic:  6/6        EV: 10    Int: 19    God:
Gold:   99         SH:  0    Dex: 14    Spells: 6/6 levels left

rFire   . . .      SeeInvis +    e - +0 rapier
rCold   . . .      Faith    .    (no shield)
rNeg    . . .      Spirit   .    g - +0 ring mail
rPois   .          Reflect  .    (no helmet)
rElec   .          Harm     .    (no cloak)
rCorr   .          Rampage  .    j - +1 pair of gloves {hurl}
Will    .....                    (no boots)
Stlth   ++                       (no amulet)
HPRegen 0.44/turn                (no ring)
MPRegen 0.10/turn                (no ring)

@: healing quickly
A: alive, fangs 3, see invisible, vampiric 2
a: Exsanguinate


You were on level 2 of the Dungeon.
You visited 1 branch of the dungeon, and saw 2 of its levels.

You collected 99 gold pieces.

Inventory:

Hand Weapons
 a - a +1 dagger
 e - a +0 rapier (weapon)
Armour
 d - a +0 ring mail
 g - a +0 ring mail (worn)
 i - a +0 ring mail
 j - a +1 pair of gloves of hurling (worn)
Scrolls
 h - a scroll of teleportation {unknown}
 k - a scroll of torment {unknown}
 m - 2 scrolls of enchant armour {unknown}
Potions
 b - a potion of might {unknown}
 c - 2 potions of invisibility
 f - a potion of curing {unknown}
 l - a potion of berserk rage {unknown}


   Skills:
 + Level 2.0 Short Blades
 + Level 0.5 Armour
 + Level 2.4 Dodging
 + Level 5.3 Stealth
 + Level 2.1 Spellcasting
 + Level 4.6 Hexes


You had 6 spell levels left.
You didn't know any spells.
Your spell library contained the following spells:

 Spells                   Type           Power      Damage    Failure   Level
 Confusing Touch          Hex            19%        N/A       26%         3
 Tukima's Dance           Hex            19%        N/A       26%         3
 Ensorcelled Hibernation  Hex/Ice        20%        N/A       32%         2
 Dazzling Flash           Conj/Hex       20%        N/A       54%         3
 Sublimation of Blood     Necr           1%         N/A       65%         2
 Wereblood                Tmut           1%         N/A       65%         2
 Summon Hydra             Summ           0%         N/A       100%        7


Dungeon Overview and Level Annotations

Branches:
Dungeon (2/15)

Altars:


Innate Abilities, Weirdness & Mutations

Your natural rate of healing is accelerated.
You have razor-sharp teeth.
You have supernaturally acute eyesight. (SInv)
You are afflicted with vampirism and can become a bat while bloodless.


Message History

You hit the orc but do no damage. You bite the orc.
The orc is severely wounded.
The orc hits you with a +0 dagger. The orc hits you but does no damage.
You hit the orc.
You kill the orc!
You barely miss the orc. The orc barely misses you. x2
You hit the orc.
The orc is moderately wounded.
The orc hits you with a +0 flail. The orc barely misses you.
The orc attacks as you move away! The orc hits you with a +0 flail.
You hit the orc.
The orc is heavily wounded.
The orc hits you but does no damage.
You barely miss the orc. Your punch misses the orc.
The orc is heavily wounded.
The orc misses you.
You barely miss the orc. You bite the orc, but do no damage.
The orc is heavily wounded.
The orc hits you but does no damage.
You hit the orc.
You kill the orc!
Unknown command.
Items here: $ ) [ †.
The orc priest mumbles some strange prayers to Beogh against you.
Beogh smites you!
The orc wizard shouts!
You hear a shout!
Unknown command.
The orc wizard mumbles some strange words.
The orc wizard flickers and vanishes for a moment.
The orc wizard gestures at you while chanting.
The puff of flame hits you.
The orc priest hits you with a +0 flail.
* * * LOW HITPOINT WARNING * * *
The orc priest hits you but does no damage.
The orc priest calls down the wrath of Beogh upon you.
Pain shoots through your body!
Ouch! That really hurt!
You die...

#.#...# #.#...#
####.....#
#........#
#.....>..#
#...))##.##
#.....#.o.#
#....)#o..######
#....@o...^....#
#..............#
#..............#
#...........#####
##..............#
#####..........###.
#...........)..#
#..........###..
#......#####


You could see an orc priest and 2 orc wizards.

Vanquished Creatures
  An adder (D:2)
  3 orcs (D:2)
  3 ball pythons (D:1)
  3 bats (D:1)
  An endoplasm (D:1)
  A giant cockroach (D:1)
  4 goblins (D:1)
  2 hobgoblins (D:1)
  3 quokkas (D:1)
  2 rats (D:1)
23 creatures vanquished.

Notes
Turn   | Place    | Note
-------+----------+-------------------------------------------
     0 | D:1      | BlackLaughter the Vampire Enchanter began the quest for the
                  | Orb.
     0 | D:1      | Reached XP level 1. HP: 13/13 MP: 3/3
   151 | D:1      | Reached XP level 2. HP: 19/19 MP: 5/5
   488 | D:1      | Found a faded altar of an unknown god.
   537 | D:1      | Reached skill level 5 in Stealth
  1064 | D:2      | Gained mutation: You are afflicted with vampirism and can
                  | become a bat while bloodless. [Vampire growth]
  1064 | D:2      | Reached XP level 3. HP: 15/24 MP: 6/6
  1155 | D:2      | Killed from afar by an orc priest

Illustrated notes

Levels and vault maps discovered:
D:1:      tarquinn_simple_flora_water_f, layout_basic,
          hellmonk_ecumenical_altar_leap_of_faith
D:2:      cheibrodos_pilgrimage, layout_basic, roderic_lattice_a

Skill      XL: |  1  2 |
---------------+-------+-----
Stealth        | 5 |  5.3
Short Blades   | 2 |  2.0
Armour         | |  0.5
Dodging        | |  2.4
Spellcasting   | |  2.1
Hexes          | |  4.6

Action                   || total
-------------------------++-------
Melee: Dagger            ||    33
       Bite              ||     4
       Rapier            ||    64
 Stab: Sleeping          ||     4
Armor: Ring mail         ||    38
Dodge: Dodged            ||    45

Table legend: (Time is in decaauts)
 A = Elapsed time spent in this place.
 B = Non-inter-level travel time spent in this place.
 C = Inter-level travel time spent in this place.
 D = Time resting spent in this place.
 E = Time spent auto-exploring this place.
 F = Levels seen in this place.
 G = Mean time per level.
                   A        B        C        D        E       F      G
               +--------+--------+--------+--------+--------+-----+--------+
         Total |   1153 |   1111 |     42 |      0 |    589 |   2 |  576.5 |
       Dungeon |   1153 |   1111 |     42 |      0 |    589 |   2 |  576.5 |
               +--------+--------+--------+--------+--------+-----+--------+

Top non-repeatable levels by time:
     D:1: 714 daAuts
     D:2: 439 daAuts
